 Dungeon Crawl Stone Soup version 0.23.1-37-gaa34b87b72 (webtiles) character file.

Game seed: 7878117057588383077

87 GGGomer the Shield-Bearer (level 4, -5/40 HPs)
             Began as a Minotaur Fighter on Mar 21, 2019.
             Killed by divine providence
             ... invoked by an orc priest
              (12 damage)
             ... on level 3 of the Dungeon.
             The game lasted 00:03:17 (2150 turns).

GGGomer the Shield-Bearer (Minotaur Fighter)        Turns: 2150, Time: 00:03:18

Health: -5/40      AC: 13    Str: 21    XL:     4   Next: 28%
Magic:  3/3        EV:  7    Int:  5    God:
Gold:   88         SH:  9    Dex: 10    Spells: 3/3 levels left

rFire    x . .     SeeInvis .   a - +0 war axe
rCold    + + .     Gourm    .   c - +0 shield
rNeg     . . .     Faith    .   o - +0 ice dragon scales
rPois    .         Spirit   .   (helmet restricted)
rElec    .         Reflect  .   (no cloak)
rCorr    .         Harm     .   t - +1 pair of gloves
MR       .....                  (no boots)
Stlth    ..........             (no amulet)
HPRegen  0.13/turn              (no ring)
MPRegen  0.08/turn              (no ring)

@: no status effects
A: retaliatory headbutt, horns 2
a: no special abilities


You were on level 3 of the Dungeon.
You were hungry.

You visited 1 branch of the dungeon, and saw 3 of its levels.

You collected 88 gold pieces.

Inventory:

Hand Weapons
 a - a +0 war axe (weapon)
Armour
 c - a +0 shield (worn)
 o - +0 ice dragon scales (worn)
 r - a +0 pair of gloves
 t - a +1 pair of gloves (worn)
Jewellery
 s - an uncursed ring of fire {unknown}
Wands
 v - a wand of acid (10)
Scrolls
 g - a scroll of fear {unknown}
 h - a scroll of magic mapping
 i - a scroll of remove curse {unknown}
 j - 3 scrolls of amnesia {unknown}
 k - a scroll of noise {unknown}
 m - 3 scrolls of random uselessness {unknown}
 n - a scroll of blinking {unknown}
 p - 2 scrolls of teleportation {unknown}
 q - a scroll of fog {unknown}
 u - a scroll of enchant weapon {unknown}
Potions
 b - a potion of haste {unknown}
 d - a potion of might
 e - 2 potions of curing {unknown}
 l - a potion of heal wounds {unknown}
Comestibles
 f - 4 rations


   Skills:
 + Level 4.2 Fighting
 + Level 3.4 Axes
 + Level 4.4 Armour
 + Level 1.0 Dodging
 + Level 4.4 Shields


You had 3 spell levels left.
You didn't know any spells.
Your spell library was empty.

Dungeon Overview and Level Annotations

Branches:
Dungeon (3/15)

Altars:
Ru

Annotations:
D:3 1 runed translucent door, Gargoyl's ghost, amateur CeAK


Innate Abilities, Weirdness & Mutations

You reflexively headbutt those who attack you in melee.
You have a pair of horns on your head.


Message History

You headbutt the orc priest.
The orc priest is moderately wounded.
You hit the worm. You barely miss the kobold. You block the kobold's attack.
The orc priest invokes the aid of Beogh against you.
Pain shoots through your body!
* * * LOW HITPOINT WARNING * * *
The kobold hits you.
* * * LOW HITPOINT WARNING * * *
You closely miss the orc priest. Your headbutt misses the orc priest.
The orc priest is moderately wounded.
You hit the worm. You barely miss the kobold.
You block the orc priest's attack. You block the worm's attack.
You block the kobold's attack.
You hit the orc priest but do no damage.
Your headbutt misses the orc priest.
The orc priest is moderately wounded.
You hit the worm. You hit the kobold.
The orc priest mumbles some strange prayers to Beogh against you.
Beogh smites you!
You die...

. .? #... }O}#...
#+##... ....... .....
### ###### #... ##.##
#.....
#.#...####...######.....
#....oK@............####
####..wo....<.......#
########.##)######
#.##)# #.##.# #....#
######


You could see an ogre (wandering), a worm, an orc priest, an orc and a kobold.

Vanquished Creatures
  An adder (D:3)
  3 oozes
  A worm (D:2)
  A dart slug (D:1)
  A leopard gecko (D:1)
  3 orcs (D:3)
  A ball python (D:2)
  2 giant cockroaches
  4 goblins
  7 hobgoblins (D:1)
  4 jackals (D:3)
  7 kobolds
  6 bats
  5 frilled lizards
  8 rats
54 creatures vanquished.

Notes
Turn   | Place    | Note
-------+----------+-------------------------------------------
     0 | D:1      | GGGomer the Minotaur Fighter began the quest for the Orb.
     0 | D:1      | Reached XP level 1. HP: 19/19 MP: 0/0
   112 | D:1      | Reached XP level 2. HP: 21/27 MP: 1/1
   404 | D:1      | Reached XP level 3. HP: 30/33 MP: 2/2
  1375 | D:2      | Found a sacrificial altar of Ru.
  1993 | D:3      | Reached XP level 4. HP: 40/40 MP: 3/3
  2135 | D:3      | Found a runed translucent door.
  2139 | D:3      | Reached skill level 1 in Dodging
  2144 | D:3      | Noticed Gargoyl's ghost (amateur CeAK)
  2144 | D:3      | Noticed an ogre
  2150 | D:3      | Killed from afar by an orc priest

Skill      XL: |  1  2  3  4 |
---------------+-------------+-----
Fighting       | 4 |  4.2
Armour         | 4 |  4.4
Shields        | 4 |  4.4
Axes           | 3 |  3.4
Dodging        | 1 |  1.0

Action                   |  1- 3 |  4- 6 || total
-------------------------+-------+-------++-------
Melee: War axe           |    95 |    19 ||   114
       Headbutt          |    14 |     2 ||    16
  Use: Scroll            |     1 |       ||     1
  Eat: Ration            |     1 |       ||     1
Armor: Scale mail        |    47 |       ||    47
       Ice dragon scales |    20 |    15 ||    35
Dodge: Dodged            |    41 |     5 ||    46
Block: Shield            |    91 |    18 ||   109
